 Dungeon Crawl Stone Soup version 0.29-a0-838-g385bb11a5b (webtiles) character file.

Game seed: 9442004285557556559

1489267 buhh the Sensei (level 26, 198/198 HPs)
             Began as an Octopode Transmuter on July 13, 2022.
             Was a High Priest of Cheibriados.
             Escaped with the Orb
             ... and 3 runes!
             The game lasted 02:26:28 (83613 turns).

buhh the Sensei (Octopode Transmuter)              Turns: 83613, Time: 02:26:28

Health: 198/198    AC:  3    Str: 31      XL:     26   Next: 49%
Magic:  35/35      EV: 34    Int: 48 (50) God:    Cheibriados [*****.]
Gold:   817        SH: 27    Dex: 34      Spells: 17/41 levels left

rFire   + . .      SeeInvis +     - Unarmed
rCold   + . .      Faith    .   i - +3 kite shield
rNeg    . . .      Spirit   .   I - +2 hat {Will+}
rPois   +          Reflect  +   X - amulet "Rublar" {Reflect Drain Str+2 Dex+4 SH+5}
rElec   .          Harm     .   N - ring of protection from cold
rCorr   +          Rampage  .   k - ring "Epsetucw" {Str+6 Int+4}
Will    ++++.                   M - ring "Nafum" {rPois Will+ rCorr Str-3}
Stlth   +++.......              b - ring of fire
HPRegen 0.43/turn               W - +6 ring of intelligence
MPRegen 0.24/turn               B - +4 ring of slaying
                                F - ring "Miseni" {Fly rC+ Dex+6 Stlth+}
                                Y - ring "Vaplonur" {Will+ Str+4 Int+4 SInv}

@: flying, studying 2 skills, very slow
A: almost no armour, amphibious, 8 rings, camouflage 1, gelatinous body 1,
(nimble swimmer 1), tentacles, large bone plates 1, mutation resistance 1
0: Orb of Zot
}: 3/15 runes: decaying, silver, gossamer
a: Renounce Religion, Bend Time, Temporal Distortion, Slouch, Step From Time


You escaped.
You worshipped Cheibriados.
Cheibriados was extremely pleased with you.
You visited 11 branches of the dungeon, and saw 52 of its levels.

You collected 7142 gold pieces.
You spent 6325 gold pieces at shops.

Inventory:

Armour
 i - a +3 kite shield (worn)
 I - a +2 hat of willpower (worn)
Jewellery
 b - a ring of fire (on tentacle)
 k - the ring "Epsetucw" (right tentacle) {Str+6 Int+4}
   (You took it off a deep elf master archer on level 3 of the Elven Halls)

   [ring of strength]

   Str:       It affects your strength (+6).
   Int:       It affects your intelligence (+4).
 z - a +4 ring of protection
 B - a +4 ring of slaying (on tentacle)
 F - the ring "Miseni" (on tentacle) {Fly rC+ Dex+6 Stlth+}
   (You took it off a deep elf death mage on level 3 of the Elven Halls)

   [ring of dexterity]

   Dex:       It affects your dexterity (+6).
   rC:        It protects you from cold.
   Fly:       It grants you flight.
   Stlth:     It makes you more stealthy.
 M - the ring "Nafum" (on tentacle) {rPois Will+ rCorr Str-3}
   (You took it off a death knight on level 3 of the Crypt)

   [ring of resist corrosion]

   Str:       It affects your strength (-3).
   rPois:     It protects you from poison.
   rCorr:     It protects you from acid and corrosion.
   Will:      It increases your willpower.
 N - a ring of protection from cold (left tentacle)
 W - a +6 ring of intelligence (on tentacle)
 X - the amulet "Rublar" (around mantle) {Reflect Drain Str+2 Dex+4 SH+5}
   (You found it on level 14 of the Dungeon)

   [amulet of reflection]

   It reflects blocked missile attacks.
   Str:       It affects your strength (+2).
   Dex:       It affects your dexterity (+4).
   Drain:     It drains your maximum health when unequipped.
   SH:        It affects your SH (+5).
 Y - the ring "Vaplonur" (on tentacle) {Will+ Str+4 Int+4 SInv}
   (You found it on level 12 of the Dungeon)

   [ring of see invisible]

   Str:       It affects your strength (+4).
   Int:       It affects your intelligence (+4).
   SInv:      It lets you see invisible.
   Will:      It increases your willpower.
Wands
 A - a wand of digging (16)
 D - a wand of paralysis (4)
 E - a wand of flame (110)
 H - a wand of quicksilver (30)
 P - a wand of roots (13)
 U - a wand of mindburst (13)
Scrolls
 a - 36 scrolls of identify {!d}
 c - 20 scrolls of teleportation {!d!d}
 d - 8 scrolls of magic mapping {!d}
 e - 8 scrolls of poison
 f - 8 scrolls of fog
 g - 12 scrolls of amnesia
 j - 6 scrolls of enchant weapon
 l - 3 scrolls of immolation {!r}
 x - 3 scrolls of brand weapon
 J - 7 scrolls of silence {!r}
 T - 9 scrolls of fear {!d}
Potions
 m - 13 potions of might
 n - 15 potions of lignification {!d}
 o - 17 potions of mutation {!q!d}
 p - 5 potions of invisibility {!d}
 q - 4 potions of magic {!d}
 r - 3 potions of cancellation {!q!d}
 s - 4 potions of resistance {!d}
 t - 8 potions of brilliance {!d}
 u - 4 potions of ambrosia {!d}
 v - 20 potions of curing {!d}
 y - 5 potions of haste {!q}
 L - 4 potions of degeneration
 R - 4 potions of attraction
 Z - 6 potions of flight
Miscellaneous
 G - a phial of floods
 K - a phantom mirror
 O - a box of beasts
 S - a condenser vane


   Skills:
 - Level 20.6 Fighting
 + Level 17.5 Dodging
 - Level 7.0 Stealth
 - Level 10.0 Shields
 - Level 24.2 Unarmed Combat
 - Level 8.0 Spellcasting
 - Level 3.0 Conjurations
 - Level 20.0 Transmutations
 - Level 6.0 Ice Magic
 - Level 10.0 Earth Magic
 - Level 1.0 Poison Magic
 - Level 15.0 Invocations
 - Level 10.0 Evocations


You had 17 spell levels left.
You knew the following spells:

 Your Spells              Type           Power      Damage    Failure   Level
b - Wereblood             Tmut           100%       N/A       0%          2
d - Ice Form              Ice/Tmut       97%        N/A       1%          4
e - Dragon Form           Tmut           59%        N/A       1%          7
f - Statue Form           Tmut/Erth      69%        N/A       1%          6
g - Irradiate             Conj/Tmut      46%        3d27      1%          5

Your spell library contained the following spells:

 Spells                   Type           Power      Damage    Failure   Level
 Beastly Appendage        Tmut           100%       N/A       0%          1
 Passwall                 Tmut/Erth      86%        N/A       0%          2
 Foxfire                  Conj/Fire      100%       2x1d9     1%          1
 Freeze                   Ice            100%       1d11      1%          1
 Magic Dart               Conj           100%       1d8       1%          1
 Ensorcelled Hibernation  Hex/Ice        96%        N/A       1%          2
 Searing Ray              Conj           96%        2d7       1%          2
 Ignite Poison            Fire/Tmut/Pois 92%        N/A       1%          3
 Ozocubu's Armour         Ice            67%        N/A       1%          3
 Spider Form              Tmut/Pois      88%        N/A       1%          3
 Petrify                  Tmut/Erth      100%       N/A       1%          4
 Alistair's Intoxication  Tmut/Pois      58%        N/A       1%          5
 Blade Hands              Tmut           59%        N/A       1%          5
 Lee's Rapid Deconstruct  Erth           43%        3d22*     1%          5
 Yara's Violent Unravell  Hex/Tmut       43%        3d17      1%          5
 Apportation              Tloc           38%        N/A       2%          1
 Necrotise                Necr           76%        1d7       2%          1
 Slow                     Hex            76%        N/A       2%          1
 Summon Small Mammal      Summ           76%        N/A       2%          1
 Static Discharge         Conj/Air       33%        3-8/arc   2%          2
 Poisonous Vapours        Pois/Air       48%        N/A       3%          2
 Call Imp                 Summ           19%        N/A       4%          2
 Sublimation of Blood     Necr           19%        N/A       4%          2
 Dazzling Flash           Conj/Hex       66%        N/A       4%          3
 Mephitic Cloud           Conj/Pois/Air  31%        N/A       4%          3
 Hailstorm                Conj/Ice       58%        3d13      4%          4
 Eringya's Noxious Bog    Tmut/Pois      44%        N/A       5%          6
 Confusing Touch          Hex            19%        N/A       9%          3
 Gell's Gravitas          Tloc           19%        N/A       9%          3
 Summon Guardian Golem    Hex/Summ       19%        N/A       9%          3
 Swiftness                Air            19%        N/A       9%          3
 Teleport Other           Tloc           19%        N/A       9%          3
 Vampiric Draining        Necr           19%        2d7       9%          3
 Borgnjor's Vile Clutch   Necr/Erth      30%        N/A       10%         5
 Fulminant Prism          Conj/Hex       16%        3d11      14%         4
 Iskenderun's Mystic Bla  Conj/Tloc      33%        2d8       14%         4
 Sticky Flame             Conj/Fire      50%        2d7       14%         4
 Iskenderun's Battlesphe  Conj           48%        2d10      22%         5
 Metabolic Englaciation   Hex/Ice        24%        N/A       22%         5
 Corpse Rot               Necr/Pois/Air  22%        N/A       24%         4
 Airstrike                Air            9%         0-4+      26%         4
 Animate Dead             Necr           19%        N/A       26%         4
 Cause Fear               Hex            9%         N/A       26%         4
 Dispel Undead            Necr           19%        3d11      26%         4
 Summon Lightning Spire   Summ/Air       19%        N/A       26%         4
 Iron Shot                Conj/Erth      34%        9d7       28%         6
 Lightning Bolt           Conj/Air       16%        1d30      38%         5
 Summon Forest            Summ/Tloc      9%         N/A       58%         5
 Simulacrum               Ice/Necr       24%        N/A       77%         6
 Starburst                Conj/Fire      25%        6d8       92%         6
 Necromutation            Tmut/Necr      43%        N/A       96%         8
 Death Channel            Necr           9%         N/A       99%         6
 Dispersal                Tloc           9%         N/A       99%         6
 Haunt                    Necr/Summ      9%         N/A       100%        7
 Malign Gateway           Summ/Tloc      9%         N/A       100%        7
 Spellforged Servitor     Conj/Summ      16%        N/A       100%        7
 Summon Hydra             Summ           9%         N/A       100%        7
 Borgnjor's Revivificati  Necr           9%         N/A       100%        8
 Summon Horrible Things   Summ           9%         N/A       100%        8
 Death's Door             Necr           9%         N/A       100%        9
 Dragon's Call            Summ           9%         N/A       100%        9
 Polar Vortex             Ice            33%        N/A       100%        9
 Animate Armour           Summ/Erth      Unusable   N/A       N/A         4

Dungeon Overview and Level Annotations

Branches:
Dungeon (15/15)            Temple (1/1) D:5            Lair (6/6) D:11
  Swamp (4/4) Lair:2       Spider (4/4) Lair:2        Slime (0/5) Lair:6
    Orc (2/2) D:12            Elf (3/3) Orc:2        Vaults (5/5) D:14
  Crypt (3/3) Vaults:3       Tomb (0/3) Crypt:3      Depths (4/4) D:15
    Zot (5/5) Depths:4

Altars:
Ashenzari
Cheibriados
Dithmenos
Fedhas
Gozag
Hepliaklqana
Kikubaaqudgha
Makhleb
Okawaru
Qazlal
Ru
Sif Muna
Trog
Uskayaw
Xom
Yredelemnul
Zin
The Shining One
Jiyva

Shops:
D:5 *   D:9 !   D:11 *   D:15 *   Orc:2 !?((   Elf:1 [   Elf:2 ?   Elf:3 *
Vaults:1 (   Vaults:5 !!?:!!=!??   Depths:3 ?

Portals:
Hell: Depths:1 Depths:2 Depths:3 Depths:4
Abyss: Depths:3
Pandemonium: Depths:2
Ziggurat: Depths:1

Annotations:
D:4 exclusions: 2 orcs and orc priest
D:6 1 runed translucent door, exclusion: jelly, buhh's ghost, novice OpTm
D:12 exclusions: 3 centaurs and wraith, Rupert
Lair:3 exclusion: lindwurm
Lair:6 exclusions: door, oklob plant and 1 more exclusion
Spider:2 1 runed translucent door, exclusion: 2 ice statues
Spider:3 2 transporters, exclusion: downstairs, Gosaunna's ghost, adept DjVM
Elf:1 1 runed translucent door
Elf:2 2 runed translucent doors, exclusion: downstairs
Zot:5 3 runed translucent doors, exclusions: 3 doors, obsidian statue and 1 more exclusion, buhh's ghost, veteran OpTm


Innate Abilities, Weirdness & Mutations

You cannot wear most types of armour.
You are amphibious.
You can wear up to eight rings at the same time.
Your skin changes colour to match your surroundings (Stealth+).
Your rubbery body absorbs attacks. (AC +1, EV +1)
((You are camouflaged when in or above water. (Stealth+)))
You have tentacles for arms and can constrict up to eight enemies at once.
You are partially covered in large bone plates. (SH +4)
You are somewhat resistant to further mutation.


Message History

You feel your intelligence returning.
No target in view!
(D) Dungeon (T) Temple (L) Lair (S) Swamp (N) Spider Nest (M) Slime Pits (O) Orcish Mines (E) Elven Halls (V) Vaults (C) Crypt (W) Tomb (U) Depths (H) Hell (Z) Zot
Where to? (Enter - D:3, ? - help) Magic restored.
There is a stone staircase leading up here.
You fly upwards.
There is a stone staircase leading down here.
You extend your transformation's duration.
(D) Dungeon (T) Temple (L) Lair (S) Swamp (N) Spider Nest (M) Slime Pits (O) Orcish Mines (E) Elven Halls (V) Vaults (C) Crypt (W) Tomb (U) Depths (H) Hell (Z) Zot
Where to? (Enter - D:3, ? - help)
You see here a +0 club.
Magic restored.
There is a stone staircase leading up here.
You fly upwards.
There is a stone staircase leading down here.
(D) Dungeon (T) Temple (L) Lair (S) Swamp (N) Spider Nest (M) Slime Pits (O) Orcish Mines (E) Elven Halls (V) Vaults (C) Crypt (W) Tomb (U) Depths (H) Hell (Z) Zot
Where to? (Enter - D:2, ? - help)
Things that are here:
a +0 flail; a +0 scale mail
There is a stone staircase leading up here.
You fly upwards.
There is a stone staircase leading down here.
Your transformation is almost over.
You revert to your normal fleshy form.
Things that are here:
4 stones; a +0 club You see here a +0 robe.
There is a fountain of clear blue water here.
There is a staircase leading out of the dungeon here.
You have escaped!

....### ####### #..... ......###
##..... ........## #....[.
..##..#..# ######### ##......
...(..#..#####.......# ##.......
..#..........##≈≈#+..# #...#####
......##.....#....#..####.#.#
......##.....≈....≈.......#.#
...##.##...[.≈.⌠@.≈....####.#
.......#.....≈....≈..### #.#
...###.#.....#....#..# ##.#
...#######≈≈###≈≈##### ###..#
........#....#.....#.###...######
....###.≈....≈.....#...........#.
..#.###.≈..⌠.≈.(...#....#........
........≈....≈.....#...#.........
#.#####.#§§..#.....#...#...>.....


There were no monsters in sight!

Vanquished Creatures
  2 seraphim
  2 dread liches
  An ancient lich (Vaults:5)
  2 orbs of fire (Zot:5)
  Sojobo (Depths:3)
  6 Killer Klowns (Zot:5)
  A curse toe (Zot:4)
  the Lernaean hydra (Swamp:4)
  A profane servitor (Crypt:3)
  5 golden dragons
  2 doom hounds (Crypt:2)
  A bone dragon (Crypt:3)
  A Brimstone Fiend (D:10)
  2 pandemonium lords
  4 electric golems
  2 deep elf blademasters (Elf:3)
  4 liches
  4 titans
  3 tentacled monstrosities
  Grunn (Crypt:2)
  29 Orb Guardians
  Asterion (Spider:4)
  An Executioner (Depths:4)
  2 quicksilver dragons (Zot:5)
  2 deep elf master archers (Elf:3)
  3 death cobs
  4 ancient champions
  Agnes (Spider:1)
  Gastronok (D:8)
  6 sphinxes
  A shadow dragon (Zot:5)
  6 tengu reavers
  4 storm dragons
  A thorn hunter (Swamp:2)
  A daeva (Zot:2)
  3 draconian monks
  4 draconian knights
  A revenant (Crypt:2)
  5 fire giants
  8 frost giants
  A draconian scorcher (Zot:5)
  6 deep elf sorcerers
  A cacodemon (Depths:3)
  20 vault wardens
  4 iron dragons
  2 orc warlords
  9 emperor scorpions
  Louise (Swamp:1)
  5 draconian stormcallers (Depths:4)
  A demonspawn corrupter (Depths:3)
  9 ghost moths
  18 ghouls
  2 draconian shifters (Zot:2)
  2 deep elf elementalists
  A curse skull (Crypt:1)
  A draconian annihilator (Zot:2)
  23 ironbound preservers
  2 spriggan defenders
  A reaper (Crypt:2)
  20 very ugly things
  3 broodmothers
  A caustic shrike skeleton (Crypt:2)
  12 stone giants
  4 black draconians
  5 eleionomae
  2 ironbound thunderhulks (Vaults:1)
  Azrael (Spider:1)
  4 vampire knights
  4 deep elf annihilators
  6 deep elf demonologists
  3 green draconians
  4 bunyips
  A bunyip (shapeshifter) (Vaults:5)
  5 entropy weavers
  4 red draconians
  A lorocyproca (D:9)
  4 yellow draconians
  5 dire elephants
  3 spark wasps
  7 white draconians
  4 purple draconians
  3 blizzard demons
  A mummy priest (Crypt:2)
  An elf zombie (Crypt:3)
  Snorg (Lair:6)
  8 eidola
  12 ettins
  9 deep elf death magi
  A fire dragon (shapeshifter) (Vaults:5)
  A merfolk impaler (Depths:2)
  6 jiangshi
  A green death (Depths:3)
  6 deep elf high priests
  A quicksilver dragon skeleton (Crypt:2)
  2 shambling mangroves (Swamp:3)
  7 fire dragons
  13 yaktaur captains
  Josephine (D:12)
  6 rakshasas
  2 hell beasts (Depths:4)
  6 great orbs of eyes
  2 ice dragons
  The ghost of Bl4cKSa5uke the Fighter, a novice OgHu of Okawaru (D:12)
  16 hydras
  8 boulder beetles
  3 spriggan air magi
  A ghost crab (Swamp:3)
  A peacekeeper (Vaults:1)
  30 vault guards
  12 ironbound frosthearts
  6 ogre magi
  6 death knights
  A radroach (Spider:2)
  The ghost of buhh the Fighter, a journeyman OpTm (D:9)
  7 centaur warriors
  17 two-headed ogres
  The ghost of ytrimaz the Fighter, a novice DsFi (D:9)
  18 dancing weapons
  5 alligators
  A catoblepas (D:15)
  3 death yaks (Lair:4)
  2 deep troll shamans
  5 tengu warriors
  7 vampire magi
  2 orc high priests (Crypt:2)
  2 spriggan berserkers
  The ghost of kevlar127 the Grappler, a novice TrBe of Trog (D:9)
  4 deep troll earth magi
  A quicksilver ooze zombie (Crypt:2)
  A soul eater (Crypt:2)
  16 spriggans
  7 pharaoh ants
  5 deep elf knights
  5 hell knights (Vaults:5)
  A sixfirhy (Depths:3)
  5 flayed ghosts
  25 skeletal warriors
  3 sun moths
  3 iron trolls
  2 cherubim
  3 goliath frogs
  A steelbarb worm (shapeshifter) (Elf:3)
  A swamp dragon (shapeshifter) (Vaults:5)
  5 spriggan druids
  79 deep trolls
  4 glowing orange brains
  7 steelbarb worms
  14 swamp dragons (Swamp:4)
  6 orb spiders
  11 deep elf archers
  6 shadow demons
  12 wizards
  17 phantasmal warriors
  4 bog bodies
  5 lindwurms
  6 harpies
  23 ironbound convokers
  4 necromancers
  25 deep elf pyromancers
  A broodmother zombie (Crypt:1)
  18 deep elf zephyrmancers
  5 orc knights
  A frost giant zombie (D:15)
  A mana viper (shapeshifter) (Depths:4)
  2 shining eyes (shapeshifter) (Vaults:5)
  25 wolf spiders
  4 will-o-the-wisps
  14 moths of wrath
  37 ugly things
  A manticore (D:14)
  An orc sorcerer (Orc:1)
  A stone giant zombie (Crypt:3)
  A salamander (shapeshifter) (D:12)
  5 elephants (Lair:6)
  3 cyclopes
  4 rust devils
  22 vault sentinels
  2 black mambas
  8 torpor snails
  A smoke demon (Depths:3)
  A naga mage (Depths:1)
  3 dire elephant zombies (Crypt:3)
  2 gargoyles
  A torpor snail (shapeshifter) (Depths:1)
  An unseen horror zombie (D:9)
  13 cane toads
  Maggie (D:8)
  6 freezing wraiths
  5 large abominations (Elf:2)
  3 unseen horrors
  2 hellions
  54 yaktaurs
  An efreet (D:14)
  2 kobold demonologists (Crypt:2)
  6 rime drakes
  2 ice devils
  3 hellwings
  7 demonic crawlers
  7 komodo dragons
  Psyche (D:10)
  3 tormentors
  A queen bee (Spider:2)
  2 guardian mummies
  A green draconian skeleton (Crypt:1)
  2 tengu conjurers
  A queen bee (shapeshifter) (Vaults:5)
  A hydra zombie (Crypt:3)
  2 red devils
  7 trolls
  2 harpy zombies (Crypt:3)
  Grinder (D:6)
  2 bloated husks
  3 meliai (Spider:2)
  2 polar bears
  35 slime creatures
  11 tyrant leeches
  20 blink frogs
  15 hornets
  20 tarantellas
  4 ettin zombies (Crypt:3)
  21 culicivoras
  An air elemental (Elf:1)
  3 spriggan zombies
  6 flying skulls
  2 guardian serpent skeletons
  An ettin skeleton (D:15)
  18 jumping spiders
  10 wyverns
  9 water elementals
  2 ushabtiu (Crypt:3)
  A wind drake zombie (Crypt:1)
  14 wraiths
  75 yaks
  18 humans (D:14)
  6 fire elementals
  5 hogs
  A black mamba skeleton (Crypt:2)
  5 basilisks
  11 vampire mosquitoes
  65 redbacks
  2 redbacks (shapeshifter) (Vaults:5)
  2 neqoxecs
  A steam dragon (Lair:4)
  20 swamp worms
  3 naga zombies (Crypt:3)
  7 small abominations (Elf:2)
  2 acid dragons (D:11)
  2 hell hounds (Spider:1)
  A floating eye (Depths:2)
  14 water moccasins
  2 sky beasts (D:7)
  A water nymph skeleton (Crypt:2)
  18 orc warriors
  An ice beast (Depths:1)
  A black bear (D:5)
  5 swamp drakes (Swamp:4)
  20 ogres
  11 centaurs
  2 boggarts (Crypt:2)
  15 wolves
  4 phantoms
  A wolf (shapeshifter) (Depths:2)
  A golden eye zombie (Crypt:1)
  A kobold brigand (D:8)
  22 bullfrogs
  18 necrophages
  2 scorpions
  3 earth elementals
  6 gnoll sergeants
  7 wyvern skeletons (Crypt:3)
  An elf skeleton (Crypt:1)
  3 wights (D:9)
  16 killer bees
  A yak skeleton (Crypt:1)
  4 electric eels (Elf:3)
  8 howler monkeys
  A vampire bat (Depths:1)
  A crimson imp (Depths:1)
  A wolf skeleton (Crypt:1)
  3 centaur zombies
  A human zombie (D:9)
  A jelly (D:7)
  3 hounds
  6 orc priests
  3 iguanas
  Ijyb (D:3)
  Terence (D:2)
  Natasha (thrice) (D:2)
  11 orc wizards
  A sky beast zombie (Crypt:1)
  A naga skeleton (Crypt:2)
  A hound skeleton (Crypt:2)
  A mummy (D:9)
  3 howler monkey zombies (D:9)
  29 gnolls
  5 adders
  2 white imps
  An adder zombie (Crypt:1)
  4 worms
  5 dart slugs
  73 orcs
  10 ball pythons
  7 bats
  A bat zombie (Crypt:1)
  6 endoplasms
  6 giant cockroaches
  10 goblins
  7 hobgoblins
  5 jackals
  8 kobolds
  2 quokkas
  4 frilled lizards
  A hobgoblin skeleton (Crypt:2)
  5 rats
  A rat (shapeshifter) (Vaults:5)
  A butterfly (D:5)
2051 creatures vanquished.

Vanquished Creatures (collateral kills)
  Mara (Spider:3)
  A tentacled monstrosity (Vaults:5)
  A titan (Vaults:5)
  A shadow dragon (Vaults:5)
  An iron dragon (Vaults:5)
  A deep elf sorcerer (Vaults:5)
  2 ironbound preservers (Vaults:5)
  A deep elf high priest (Vaults:5)
  A centaur warrior (D:9)
  2 deep trolls (Vaults:5)
  A phantasmal warrior (Vaults:5)
  An orc warrior (Vaults:5)
  2 orcs (Vaults:5)
16 creatures vanquished.

Vanquished Creatures (others)
  A pandemonium lord (Zot:3)
  2 tentacled monstrosities (Zot:3)
  An electric golem (Zot:3)
  A quicksilver dragon (Zot:3)
  2 liches
  An eldritch tentacle (Zot:5)
  Kirke (D:12)
  A draconian stormcaller (Zot:3)
  A draconian annihilator (Zot:3)
  A yellow draconian (Zot:3)
  3 red draconians (Zot:3)
  A mummy priest (Crypt:3)
  A deep elf zephyrmancer (Elf:2)
  A wolf spider (Spider:3)
  2 bloated husks (Swamp:2)
  A red devil (Zot:3)
  A spriggan (Swamp:3)
  A ynoxinul (Zot:3)
  A chaos spawn (D:10)
  16 foxfires
  32 fungi
  68 plants
  23 withered plants
163 creatures vanquished.

Grand Total: 2230 creatures vanquished

Notes
Turn   | Place    | Note
-------+----------+-------------------------------------------
     0 | D:1      | buhh the Octopode Transmuter began the quest for the Orb.
     0 | D:1      | Reached XP level 1. HP: 13/13 MP: 3/3
   149 | D:1      | Reached skill level 1 in Stealth
   267 | D:1      | Reached XP level 2. HP: 16/18 MP: 3/5
   307 | D:1      | Reached skill level 1 in Poison Magic
   604 | D:1      | You fall into a shaft and drop 1 floor!
   699 | D:2      | Found a faded altar of an unknown god.
   714 | D:2      | Noticed Natasha
   722 | D:2      | Killed Natasha
   723 | D:2      | Reached XP level 3. HP: 12/24 MP: 4/6
   764 | D:2      | Noticed Natasha
   778 | D:2      | Killed Natasha
   779 | D:2      | Reached XP level 4. HP: 15/29 MP: 5/7
  1084 | D:2      | Noticed Natasha
  1111 | D:2      | Killed Natasha
  1386 | D:2      | Found a stormy altar of Qazlal.
  1387 | D:2      | Noticed Terence
  1402 | D:2      | Killed Terence
  1403 | D:2      | Reached XP level 5. HP: 23/35 MP: 6/8
  1625 | D:2      | Reached skill level 4 in Unarmed Combat
  2116 | D:3      | Noticed Ijyb
  2291 | D:3      | Reached XP level 6. HP: 40/42 MP: 9/9
  3362 | D:4      | Learned a level 2 spell: Wereblood
  3366 | D:4      | Learned a level 3 spell: Spider Form
  4318 | D:5      | Entered Level 5 of the Dungeon
  4446 | D:5      | Reached XP level 7. HP: 47/47 MP: 4/10
  4458 | D:5      | Reached skill level 5 in Unarmed Combat
  4582 | D:5      | Found an opulent altar of Gozag.
  4582 | D:5      | Found Gozag's Platinum Reserve.
  4740 | D:5      | Found a staircase to the Ecumenical Temple.
  4757 | Temple   | Entered the Ecumenical Temple
  4786 | Temple   | Became a worshipper of Cheibriados the Contemplative
  4876 | D:5      | Identified the +6 falchion "Tyoschuno" {vorpal, rPois MP+9
                  | Dex+2}
  5006 | D:6      | Noticed buhh's ghost (novice OpTm)
  5006 | D:6      | Found a runed translucent door.
  5096 | D:6      | Noticed Grinder
  5099 | D:6      | Paralysed by something for 5 turns
  5117 | D:6      | Paralysed by something for 3 turns
  5127 | D:6      | Killed Grinder
  5128 | D:6      | Reached skill level 5 in Dodging
  5128 | D:6      | Reached XP level 8. HP: 19/54 MP: 6/11
  5552 | D:6      | Reached skill level 5 in Fighting
  5885 | D:6      | Learned a level 4 spell: Ice Form
  5954 | D:7      | Reached skill level 6 in Unarmed Combat
  5989 | D:7      | Reached skill level 1 in Ice Magic
  6644 | D:7      | Reached * piety under Cheibriados
  6645 | D:7      | Reached XP level 9. HP: 61/61 MP: 7/12
  7579 | D:8      | Noticed Maggie
  7615 | D:8      | Noticed Gastronok
  7771 | D:8      | Noticed a hornet
  8075 | D:9      | Found Pogut's Distillery.
  8083 | D:9      | Bought a potion of degeneration for 14 gold pieces
  8083 | D:9      | Bought a potion of brilliance for 56 gold pieces
  8083 | D:9      | Bought a potion of mutation for 112 gold pieces
  8083 | D:9      | Bought a potion of magic for 112 gold pieces
  8083 | D:9      | Bought a potion of curing for 42 gold pieces
  8083 | D:9      | Bought a potion of curing for 42 gold pieces
  8083 | D:9      | Bought a potion of curing for 42 gold pieces
  8107 | D:9      | Found a glowing silver altar of Zin.
  8346 | D:9      | Reached skill level 5 in Transmutations
  8691 | D:9      | Noticed a centaur warrior
  8699 | D:9      | Killed a centaur warrior
  8700 | D:9      | Reached skill level 7 in Unarmed Combat
  8700 | D:9      | Reached skill level 5 in Ice Magic
  8700 | D:9      | Reached XP level 10. HP: 41/69 MP: 13/13
  8919 | D:9      | Found a broken altar of Ashenzari.
  8944 | D:9      | Got the Quarto of Panentheism
  8975 | D:9      | Reached ** piety under Cheibriados
  9098 | D:9      | Found a runed translucent gate.
  9098 | D:9      | Found a runed translucent gate.
  9098 | D:9      | Found a runed translucent gate.
  9098 | D:9      | Noticed ytrimaz's ghost (novice DsFi)
  9098 | D:9      | Noticed kevlar127's ghost (novice TrBe)
  9099 | D:9      | Noticed buhh's ghost (journeyman OpTm)
  9430 | D:9      | Found an ancient bone altar of Kikubaaqudgha.
  9869 | D:10     | Entered Level 10 of the Dungeon
 10130 | D:10     | Noticed a gargoyle
 10143 | D:10     | Killed a gargoyle
 10339 | D:10     | Noticed Psyche
 10346 | D:10     | Killed Psyche
 11147 | D:11     | Noticed a boulder beetle
 11280 | D:10     | Reached *** piety under Cheibriados
 11376 | D:10     | Reached skill level 8 in Unarmed Combat
 11574 | D:10     | Reached XP level 11. HP: 61/78 MP: 9/14
 11803 | D:11     | Noticed a boulder beetle
 11830 | D:11     | Killed a boulder beetle
 11831 | D:11     | Reached skill level 1 in Invocations
 11917 | D:11     | Found a staircase to the Lair.
 11926 | Lair:1   | Entered Level 1 of the Lair of Beasts
 12595 | Lair:1   | Reached skill level 9 in Unarmed Combat
 12838 | Lair:1   | Reached **** piety under Cheibriados
 13003 | Lair:2   | Reached skill level 5 in Invocations
 13184 | Lair:2   | Reached XP level 12. HP: 85/85 MP: 9/15
 13375 | Lair:2   | Found a blossoming altar of Fedhas.
 13752 | Lair:2   | Found a hole to the Spider Nest.
 13842 | Lair:2   | Noticed an eight-headed hydra
 13852 | Lair:2   | Killed an eight-headed hydra
 14084 | Lair:2   | Noticed a seven-headed hydra
 14181 | Lair:2   | Reached ***** piety under Cheibriados
 14825 | Lair:3   | Found a dark tunnel.
 15362 | Lair:3   | Reached skill level 10 in Dodging
 15362 | Lair:3   | Reached skill level 10 in Unarmed Combat
 15755 | Lair:4   | Reached skill level 10 in Fighting
 15785 | Lair:4   | Noticed a six-headed hydra
 15804 | Lair:4   | Killed a six-headed hydra
 15805 | Lair:4   | Reached XP level 13. HP: 92/92 MP: 13/19
 15967 | Lair:4   | Found a shadowy altar of Dithmenos.
 16194 | Lair:4   | Reached skill level 10 in Transmutations
 17682 | Lair:5   | You fall into a shaft and drop 1 floor!
 17682 | Lair:6   | Entered Level 6 of the Lair of Beasts
 17992 | Lair:6   | Found a staircase to the Slime Pits.
 17992 | Lair:6   | Found a viscous altar of Jiyva.
 18041 | Lair:6   | Reached skill level 10 in Invocations
 18521 | Lair:6   | Noticed Snorg
 18549 | Lair:6   | Killed Snorg
 18713 | Lair:6   | Reached XP level 14. HP: 99/99 MP: 16/21
 18754 | Lair:6   | Reached ****** piety under Cheibriados
 18842 | Lair:6   | Reached skill level 11 in Unarmed Combat
 18985 | Lair:6   | Identified the +5 ring mail of Servitude {Will- Str+2
                  | Int+4}
 18990 | Lair:6   | Found a burning altar of Makhleb.
 19588 | Lair:6   | Noticed a dire elephant
 19602 | Lair:6   | Killed a dire elephant
 20608 | D:11     | Found Asmorroa's Assorted Antiques.
 20614 | D:11     | Bought a scroll labelled QIATTO QULUV for 32 gold pieces
 20614 | D:11     | Bought a scroll labelled QIATTO QULUV for 32 gold pieces
 20614 | D:11     | Bought a scroll of identify for 64 gold pieces
 21597 | D:12     | Noticed Josephine
 21605 | D:12     | Killed Josephine
 21949 | D:12     | Found a runed translucent gate.
 21949 | D:12     | Found a runed translucent gate.
 21949 | D:12     | Found a runed translucent gate.
 21951 | D:12     | Noticed Bl4cKSa5uke's ghost (novice OgHu)
 21965 | D:12     | Noticed Rupert
 22285 | D:12     | Noticed Kirke
 22783 | D:12     | Killed Kirke
 22977 | D:12     | Found a staircase to the Orcish Mines.
 24188 | Orc:1    | Entered Level 1 of the Orcish Mines
 24332 | Orc:1    | Reached XP level 15. HP: 108/108 MP: 20/24
 24429 | Orc:1    | Noticed an orc warlord
 24453 | Orc:1    | Killed an orc warlord
 25140 | Orc:2    | Entered Level 2 of the Orcish Mines
 26069 | Orc:2    | Paralysed by an ogre mage for 2 turns
 26336 | D:14     | Learned a level 5 spell: Irradiate
 26346 | D:14     | Learned a level 7 spell: Dragon Form
 26452 | D:13     | Reached skill level 12 in Unarmed Combat
 27908 | D:14     | Found a gate to the Vaults.
 27965 | D:14     | Identified the +6 shortbow "Beetlebane" {vorpal, rPois
                  | rCorr}
 27968 | D:14     | Identified the amulet "Rublar" {Reflect Drain Str+2 Dex+4
                  | SH+5}
 28363 | D:15     | Entered Level 15 of the Dungeon
 28660 | D:15     | Found a staircase to the Depths.
 28864 | D:15     | Found Reowyxot's Assorted Antiques.
 28910 | D:15     | Bought a potion of curing for 66 gold pieces
 28910 | D:15     | Bought a potion of mutation for 176 gold pieces
 29036 | D:15     | Found a glowing golden altar of the Shining One.
 29241 | D:15     | Reached skill level 15 in Transmutations
 29241 | D:15     | Reached XP level 16. HP: 116/116 MP: 20/25
 30550 | D:8      | Killed Gastronok
 30551 | D:8      | Reached skill level 1 in Conjurations
 30698 | D:8      | Killed Maggie
 30827 | D:9      | Killed buhh's ghost
 30828 | D:9      | Reached skill level 13 in Unarmed Combat
 30829 | D:9      | Killed kevlar127's ghost
 30831 | D:9      | Killed ytrimaz's ghost
 31028 | D:12     | Killed Bl4cKSa5uke's ghost
 31034 | D:12     | Identified the ring "Vaplonur" {Will+ Str+4 Int+4 SInv}
 31962 | Orc:2    | Found Zimno's Antique Weapon Shoppe.
 31962 | Orc:2    | Found Beagoec's Distillery.
 31962 | Orc:2    | Found Uwywnash's Weapon Boutique.
 31962 | Orc:2    | Found Cayrocw's Magic Scroll Shoppe.
 31971 | Orc:2    | Bought a scroll of identify for 30 gold pieces
 31971 | Orc:2    | Bought a scroll of fear for 60 gold pieces
 31971 | Orc:2    | Bought 3 scrolls of fog for 180 gold pieces
 31971 | Orc:2    | Bought a scroll of immolation for 60 gold pieces
 31984 | Orc:2    | Bought a potion of cancellation for 96 gold pieces
 31984 | Orc:2    | Bought a potion of curing for 36 gold pieces
 31984 | Orc:2    | Bought a potion of curing for 36 gold pieces
 31984 | Orc:2    | Bought a potion of curing for 36 gold pieces
 31984 | Orc:2    | Bought a potion of lignification for 36 gold pieces
 31991 | Orc:2    | Found a staircase to the Elven Halls.
 32947 | D:3      | Killed Ijyb
 33322 | Lair:2   | Found a staircase to the Swamp.
 33336 | Swamp:1  | Entered Level 1 of the Swamp
 33348 | Swamp:1  | Reached skill level 1 in Evocations
 33531 | Swamp:1  | Identified the +6 dagger of Zuekon {vorpal, Int+2 Dex+4
                  | Stlth+}
 33675 | Swamp:1  | Noticed Louise
 33681 | Swamp:1  | Killed Louise
 34115 | Swamp:2  | Noticed a thorn hunter
 34119 | Swamp:2  | Killed a thorn hunter
 34120 | Swamp:2  | Reached skill level 14 in Unarmed Combat
 34280 | Swamp:2  | Reached skill level 5 in Evocations
 34830 | Swamp:2  | Found a shimmering blue altar of Sif Muna.
 35641 | Swamp:3  | Reached XP level 17. HP: 125/125 MP: 18/26
 36345 | Swamp:4  | Entered Level 4 of the Swamp
 36365 | Swamp:4  | Reached skill level 10 in Evocations
 37599 | Swamp:4  | Noticed the 27-headed Lernaean hydra
 37809 | Spider:1 | Entered Level 1 of the Spider Nest
 37836 | Spider:1 | Noticed Agnes
 37842 | Spider:1 | Killed Agnes
 39087 | Spider:1 | Noticed Azrael
 39090 | Spider:1 | Killed Azrael
 39091 | Spider:1 | Reached skill level 5 in Stealth
 39267 | Spider:2 | HP: 4/189 [wolf spider simulacrum (37)]
 39267 | Spider:2 | HP: 1/189 [jumping spider (3)]
 39288 | Spider:2 | Reached skill level 15 in Fighting
 39460 | Spider:2 | Reached skill level 15 in Unarmed Combat
 39765 | Spider:2 | Found a runed translucent door.
 40947 | Spider:3 | Reached XP level 18. HP: 134/134 MP: 13/27
 41691 | Elf:1    | Entered Level 1 of the Elven Halls
 41691 | Elf:1    | Found a runed translucent gate.
 41691 | Elf:1    | Found a runed translucent gate.
 41691 | Elf:1    | Found a runed translucent gate.
 41691 | Elf:1    | Found a runed translucent gate.
 41691 | Elf:1    | Found a runed translucent gate.
 41691 | Elf:1    | Found a runed translucent gate.
 41693 | Elf:1    | Found a runed translucent door.
 41769 | Elf:1    | Found a runed translucent door.
 42096 | Elf:1    | Paralysed by an air elemental for 1 turns
 42734 | Elf:1    | Found Hagut's Antique Armour Emporium.
 43993 | Elf:2    | Found a shimmering altar of Xom.
 44239 | Elf:2    | Found a runed translucent door.
 44263 | Elf:2    | Found a runed translucent door.
 44401 | Elf:2    | Found Luympyif's Magic Scroll Shop.
 44529 | Elf:2    | Bought a scroll of teleportation for 60 gold pieces
 44529 | Elf:2    | Bought a scroll of teleportation for 60 gold pieces
 44529 | Elf:2    | Bought a scroll of fear for 80 gold pieces
 44529 | Elf:2    | Bought a scroll of magic mapping for 150 gold pieces
 44529 | Elf:2    | Bought a scroll of identify for 40 gold pieces
 44529 | Elf:2    | Bought a scroll of identify for 40 gold pieces
 44603 | Elf:2    | Reached skill level 16 in Unarmed Combat
 44731 | Elf:2    | Got the Incunabulum of Spatial Calling
 45204 | Elf:3    | Entered Level 3 of the Elven Halls
 46218 | Spider:4 | Entered Level 4 of the Spider Nest
 46218 | Spider:4 | Noticed Mara
 46501 | Spider:3 | Noticed Gosaunna's ghost (adept DjVM)
 46507 | Spider:3 | Found a transporter.
 46520 | Spider:3 | Found a transporter.
 46993 | Spider:3 | Reached XP level 19. HP: 141/141 MP: 1/28
 47136 | Spider:4 | Noticed Asterion
 47143 | Spider:4 | Noticed buhh's illusion
 47143 | Spider:4 | Killed Asterion
 47552 | Spider:4 | Noticed buhh's illusion
 47595 | Spider:4 | Noticed buhh's illusion
 47848 | Spider:4 | Noticed buhh's illusion
 48226 | Spider:3 | Noticed buhh's illusion
 48234 | Spider:3 | Noticed buhh's illusion
 48239 | Spider:3 | Killed Mara
 49966 | Spider:4 | Identified the +6 chain mail of Instinct {rF- Dex+3 Slay+3}
 50317 | Spider:4 | Got a gossamer rune of Zot
 51449 | Elf:3    | Found Lotiw's Assorted Antiques.
 51472 | Elf:3    | Reached skill level 17 in Unarmed Combat
 51696 | Elf:3    | Bought a phial of floods for 680 gold pieces
 52846 | Elf:3    | Identified the +0 scale mail of Hangman {Int+2}
 53202 | Elf:3    | Identified the ring "Miseni" {Fly rC+ Dex+6 Stlth+}
 53220 | Elf:3    | Identified the +1 plate armour "Nuzergh" {Dex+3}
 53220 | Elf:3    | Identified the ring "Epsetucw" {Str+6 Int+4}
 53382 | Elf:3    | Identified the +6 plate armour "Heide" {rPois}
 53382 | Elf:3    | Identified the +3 buckler of Autotheism {Rampage}
 53553 | Elf:3    | Identified the +1 plate armour "Zeahyk" {rPois rF+ Str+5
                  | Int+3}
 53568 | Elf:3    | Got the Opusculum on the Snowflakes
 53578 | Elf:3    | Identified the +1 ring mail of Leaves {rN+}
 54051 | Depths:1 | Entered Level 1 of the Depths
 54296 | Swamp:4  | Reached XP level 20. HP: 152/152 MP: 22/29
 54447 | Swamp:4  | Killed the 26-headed Lernaean hydra
 54816 | Swamp:4  | Got a decaying rune of Zot
 55138 | Vaults:1 | Entered Level 1 of the Vaults
 55311 | Vaults:1 | Found Ymemnepy's Weapon Shop.
 55317 | Vaults:1 | Reached skill level 18 in Unarmed Combat
 56924 | Vaults:1 | Identified the +2 robe of the Gloaming {Int+3}
 57794 | Vaults:2 | Reached skill level 19 in Unarmed Combat
 57839 | Vaults:2 | Found Pulip's Distillery.
 57985 | Vaults:2 | Bought a potion of mutation for 136 gold pieces
 57985 | Vaults:2 | Bought a potion of curing for 51 gold pieces
 57985 | Vaults:2 | Bought a potion of curing for 51 gold pieces
 57985 | Vaults:2 | Bought a potion of curing for 51 gold pieces
 57985 | Vaults:2 | Bought a potion of invisibility for 136 gold pieces
 57985 | Vaults:2 | Bought a potion of curing for 51 gold pieces
 57985 | Vaults:2 | Bought a potion of ambrosia for 136 gold pieces
 57985 | Vaults:2 | Bought a potion of ambrosia for 136 gold pieces
 57985 | Vaults:2 | Bought a potion of ambrosia for 136 gold pieces
 57985 | Vaults:2 | Bought a potion of attraction for 51 gold pieces
 58815 | Vaults:2 | Reached XP level 21. HP: 162/162 MP: 23/30
 60125 | Vaults:3 | Reached skill level 5 in Spellcasting
 61411 | Vaults:3 | Found a staircase to the Crypt.
 63666 | Vaults:4 | Reached XP level 22. HP: 101/171 MP: 15/34
 64216 | Vaults:4 | Identified the +5 chain mail "Nariorch" {rN+ Str+2 SInv}
 65093 | Crypt:1  | Entered Level 1 of the Crypt
 66737 | Crypt:2  | Identified the +7 quarterstaff "Boulamal" {drain, Dex+6}
 66780 | Crypt:2  | Noticed Grunn
 66782 | Crypt:2  | Killed Grunn
 67481 | Crypt:2  | Found a shimmering blue altar of Sif Muna.
 67525 | Crypt:2  | Got the Precepts of Allies
 67531 | Crypt:2  | Identified the amulet of Laudehosch {RegenMP rN+}
 67846 | Crypt:3  | Entered Level 3 of the Crypt
 67941 | Crypt:3  | Reached skill level 20 in Unarmed Combat
 69420 | Crypt:3  | Found a basalt altar of Yredelemnul.
 69485 | Crypt:3  | Reached skill level 21 in Unarmed Combat
 69599 | Crypt:3  | Reached XP level 23. HP: 176/176 MP: 25/35
 69725 | Crypt:3  | Got Gloorx Vloq's Commentary on Unhallowed Deeds
 69912 | Crypt:3  | Identified the +8 whip "Leviticus" {venom, rPois rC+ rN+
                  | Int-2}
 69912 | Crypt:3  | Identified the ring "Vest" {Wiz Str+3}
 69923 | Crypt:3  | Identified the ring "Nafum" {rPois Will+ rCorr Str-3}
 70185 | Crypt:3  | Found a staircase to the Tomb.
 70547 | Vaults:5 | Entered Level 5 of the Vaults
 70944 | Vaults:4 | Reached skill level 22 in Unarmed Combat
 71237 | Vaults:5 | Noticed a golden dragon
 71354 | Vaults:5 | Killed a golden dragon
 71639 | Vaults:5 | Noticed an ancient lich
 71644 | Vaults:5 | Found Wajeriu's Distillery.
 71805 | Vaults:5 | Noticed a dread lich
 72148 | Vaults:5 | Learned a level 6 spell: Statue Form
 72188 | Vaults:5 | Found Gyrghe's Distillery.
 72296 | Vaults:5 | Bought a potion of heal wounds for 80 gold pieces
 72296 | Vaults:5 | Bought a potion of curing for 48 gold pieces
 72296 | Vaults:5 | Bought a potion of curing for 48 gold pieces
 72296 | Vaults:5 | Bought a potion of invisibility for 128 gold pieces
 72296 | Vaults:5 | Bought a potion of brilliance for 64 gold pieces
 72296 | Vaults:5 | Bought 2 potions of might for 128 gold pieces
 72296 | Vaults:5 | Bought a potion of mutation for 128 gold pieces
 72296 | Vaults:5 | Bought a potion of resistance for 160 gold pieces
 72299 | Vaults:5 | Reached skill level 23 in Unarmed Combat
 72420 | Vaults:5 | Noticed a golden dragon
 72424 | Vaults:5 | Killed a golden dragon
 72936 | Vaults:5 | Killed an ancient lich
 72941 | Vaults:5 | Found Ytwoqas's Distillery.
 72944 | Vaults:5 | Found Jyerha Noeni's Distillery.
 72945 | Vaults:5 | Bought a potion of heal wounds for 75 gold pieces
 72945 | Vaults:5 | Bought a potion of might for 60 gold pieces
 72945 | Vaults:5 | Bought a potion of lignification for 45 gold pieces
 72945 | Vaults:5 | Bought a potion of invisibility for 120 gold pieces
 72945 | Vaults:5 | Bought 2 potions of might for 120 gold pieces
 72945 | Vaults:5 | Bought a potion of brilliance for 60 gold pieces
 72945 | Vaults:5 | Bought a potion of might for 60 gold pieces
 72945 | Vaults:5 | Bought a potion of lignification for 45 gold pieces
 72959 | Vaults:5 | Bought a potion of heal wounds for 90 gold pieces
 72959 | Vaults:5 | Bought a potion of might for 72 gold pieces
 72959 | Vaults:5 | Bought a potion of might for 72 gold pieces
 72959 | Vaults:5 | Bought a potion of mutation for 144 gold pieces
 72959 | Vaults:5 | Bought a potion of curing for 54 gold pieces
 72959 | Vaults:5 | Bought a potion of brilliance for 72 gold pieces
 72959 | Vaults:5 | Bought a potion of attraction for 54 gold pieces
 73395 | Vaults:5 | Killed a dread lich
 73722 | Vaults:5 | Reached skill level 24 in Unarmed Combat
 73735 | Vaults:5 | Reached XP level 24. HP: 183/183 MP: 31/35
 74012 | Vaults:5 | Got a silver rune of Zot
 74092 | Vaults:5 | Bought a potion of might for 84 gold pieces
 74092 | Vaults:5 | Bought a potion of heal wounds for 105 gold pieces
 74092 | Vaults:5 | Bought a potion of might for 84 gold pieces
 74092 | Vaults:5 | Bought a potion of invisibility for 168 gold pieces
 74092 | Vaults:5 | Bought a potion of cancellation for 168 gold pieces
 74092 | Vaults:5 | Bought a potion of brilliance for 84 gold pieces
 74092 | Vaults:5 | Bought a potion of curing for 63 gold pieces
 74095 | Vaults:5 | Found Banugh's Distillery.
 74099 | Vaults:5 | Found Hacw's Magic Scroll Shoppe.
 74104 | Vaults:5 | Found Ycefoelo's Book Boutique.
 74107 | Vaults:5 | Bought a scroll of poison for 52 gold pieces
 74107 | Vaults:5 | Bought a scroll of poison for 52 gold pieces
 74323 | Vaults:5 | Found Qihukeho's Magic Scroll Boutique.
 74336 | Vaults:5 | Found Dotikeme's Distillery.
 74336 | Vaults:5 | Found Jian Wodi's Jewellery Shop.
 74341 | Vaults:5 | Bought a potion of heal wounds for 70 gold pieces
 74358 | Vaults:5 | Found Ithriess's Magic Scroll Emporium.
 75062 | Depths:1 | Reached skill level 1 in Earth Magic
 75454 | Depths:1 | Found a gateway to Hell.
 75534 | Depths:1 | Got Boatia's Directory of Forms
 75712 | Depths:1 | Found a one-way gateway to a ziggurat.
 76400 | Depths:2 | Reached skill level 5 in Earth Magic
 76551 | Depths:2 | You are sucked into a shaft and drop 2 floors!
 76551 | Depths:4 | Entered Level 4 of the Depths
 76633 | Depths:4 | Found a sacrificial altar of Ru.
 76636 | Depths:4 | Found a glowing golden altar of the Shining One.
 76636 | Depths:4 | Found an ancient bone altar of Kikubaaqudgha.
 76638 | Depths:4 | Found a hide-covered altar of Uskayaw.
 76638 | Depths:4 | Found a shimmering altar of Xom.
 76638 | Depths:4 | Found a blossoming altar of Fedhas.
 77105 | Depths:3 | Noticed Sojobo
 77116 | Depths:3 | Paralysed by an air elemental for 1 turns
 77117 | Depths:3 | Killed Sojobo
 77308 | Depths:3 | Found a glowing golden altar of the Shining One.
 77326 | Depths:3 | Found a one-way gate to the infinite horrors of the Abyss.
 77329 | Depths:3 | Found Ydietiv's Magic Scroll Boutique.
 77381 | Depths:3 | Bought a scroll of teleportation for 63 gold pieces
 78406 | Depths:2 | Reached XP level 25. HP: 190/190 MP: 17/35
 78661 | Depths:2 | Found a hazy altar of Hepliaklqana.
 78793 | Depths:2 | Found a one-way gate leading to the halls of Pandemonium.
 79512 | Depths:4 | Found a gate to the Realm of Zot.
 79997 | Zot:1    | Entered Level 1 of the Realm of Zot
 80572 | Zot:2    | Reached skill level 1 in Shields
 80588 | Zot:2    | Reached skill level 10 in Earth Magic
 80926 | Zot:3    | Reached skill level 15 in Invocations
 80964 | Zot:5    | Entered Level 5 of the Realm of Zot
 80991 | Zot:5    | Found a runed translucent gate.
 80991 | Zot:5    | Found a runed translucent gate.
 80991 | Zot:5    | Found a runed translucent gate.
 80992 | Zot:5    | Noticed an ancient lich
 80992 | Zot:5    | Noticed buhh's ghost (veteran OpTm)
 81361 | Zot:5    | Reached skill level 5 in Shields
 82001 | Zot:5    | Noticed a dread lich
 82005 | Zot:5    | Killed a dread lich
 82013 | Zot:5    | Noticed a Killer Klown
 82015 | Zot:5    | a Killer Klown changed into an iron dragon
 82149 | Zot:5    | Noticed a Killer Klown
 82154 | Zot:5    | Killed a Killer Klown
 82323 | Zot:5    | Noticed an orb of fire
 82327 | Zot:5    | Gained mutation: You occasionally lose the ability to read
                  | scrolls when taking damage. [an orb of fire]
 82330 | Zot:5    | Killed an orb of fire
 82332 | Zot:5    | Lost mutation: You occasionally lose the ability to read
                  | scrolls when taking damage. [potion of mutation]
 82332 | Zot:5    | Gained mutation: You are partially covered in large bone
                  | plates. (SH +4) [potion of mutation]
 82353 | Zot:5    | Noticed a Killer Klown
 82354 | Zot:5    | Noticed an orb of fire
 82358 | Zot:5    | Killed an orb of fire
 82362 | Zot:5    | Noticed a Killer Klown
 82363 | Zot:5    | Killed a Killer Klown
 82364 | Zot:5    | Noticed a Killer Klown
 82367 | Zot:5    | Noticed a Killer Klown
 82371 | Zot:5    | Noticed a Killer Klown
 82373 | Zot:5    | Killed a Killer Klown
 82397 | Zot:5    | Killed a Killer Klown
 82400 | Zot:5    | Killed a Killer Klown
 82401 | Zot:5    | Reached XP level 26. HP: 198/198 MP: 27/35
 82404 | Zot:5    | Reached skill level 10 in Shields
 82405 | Zot:5    | Killed a Killer Klown
 82406 | Zot:5    | Reached skill level 15 in Dodging
 82760 | Zot:5    | Got the Orb of Zot
 82821 | Zot:5    | Noticed Xeaheleg the pandemonium lord
 82823 | Zot:5    | Noticed Geidy the pandemonium lord
 82844 | Zot:5    | Noticed Enutaacyg the pandemonium lord
 82914 | Zot:3    | Killed Arexemm the pandemonium lord
 82941 | Zot:2    | Noticed a seraph
 82950 | Zot:2    | Killed a seraph
 82995 | Depths:4 | Noticed Simudyth the pandemonium lord
 83004 | Depths:4 | Killed Simudyth the pandemonium lord
 83098 | Depths:1 | Noticed Juodehif the pandemonium lord
 83103 | Depths:1 | Killed Juodehif the pandemonium lord
 83144 | Depths:1 | Noticed a seraph
 83150 | Depths:1 | Killed a seraph
 83158 | Depths:1 | Noticed Vakko the pandemonium lord
 83169 | D:15     | Gained mutation: You are somewhat resistant to further
                  | mutation. [a neqoxec]
 83310 | D:10     | Noticed Dokot the pandemonium lord
 83343 | D:10     | Noticed Ytaotel the pandemonium lord
 83613 | D:$      | Escaped with the Orb!

Illustrated notes

Levels and vault maps discovered:
D:1:      dpeg_arrival_rooms_with_view, layout_rooms
D:2:      layout_rooms, basic_ecumenical_altar, basic_altar, minivault_11,
          uniq_terence, uniq_natasha
D:3:      minmay_recursive_quarters, layout_basic, uniq_ijyb
D:4:      layout_loops_cross, fedhas_altar_fruit_tree
D:5:      layout_basic, nicolae_gozag_zags_fifth_avenue,
          minmay_temple_entry_butterflies
D:6:      layout_gridville, gammafunk_ghost_grave, uniq_grinder
D:7:      layout_cave_pools, eino_small_chamber_without_monster,
          minmay_increasing_density
D:8:      layout_basic, uniq_maggie, uniq_gastronok
D:9:      layout_cave_pods, mainiacjoe_overflow_six_doors_small,
          lemuel_mausoleum_altar_kikubaaqudgha, mainiacjoe_overflow_24_doors,
          gammafunk_ghost_cemetery, serial_shops, nicolae_diamond_shop
D:10:     layout_grid_maze, evilmike_butchery, uniq_psyche
D:11:     layout_loops_corners, grunt_lair_entry_orc_guard_hut, serial_shops,
          shop
D:12:     layout_cave_pods, hiddenorc1_lemuel, gammafunk_ghost_hydra_chop,
          serial_glass, glass_columns_c, glass_columns_c, due_unseen_surprise,
          feat_on_display, feat_on_display, minmay_mirror_moons_of_madness,
          uniq_josephine, uniq_rupert, uniq_kirke
D:13:     layout_rooms
D:14:     layout_stronghold, grunt_vaults_entry_tiered
D:15:     gammafunk_depths_entry_grave, layout_small_grid, serial_shops,
          nicolae_shop_overgrown_old_shop, tso_metal_star, drop_trap,
          nicolae_figureground_pulse
Temple:   nicolae_temple_bog_church
Lair:1:   layout_roguey, lemuel_fruit_tree, infiniplex_staircase_pool
Lair:2:   layout_long_grid, palyth_hydra_swamp_entry,
          spider_nest_entry_web_field, basic_altar, grunt_megastairs_5
Lair:3:   layout_regular_city, nicolae_volcano_entry_vermiform
Lair:4:   layout_cave_pods, basic_altar, st_stairs_12
Lair:5:   layout_long_grid
Lair:6:   evil_forest, layout_loops_ring, slime_entry_1, basic_altar,
          grunt_megastairs_4, uniq_snorg
Swamp:1:  layout_falls_marsh, hangedman_swamp_ruin_wall, uniq_louise
Swamp:2:  layout_basic_swamp, nicolae_swamp_godswood, swamp_pool1
Swamp:3:  layout_basic_swamp, nicolae_swamp_dense_foliage,
          statue_in_the_mist_lemuel, swamp_pool1
Swamp:4:  swamp_old_school, layout_basic_swamp
Spider:1: layout_spider_delve, uniq_azrael, uniq_agnes
Spider:2: cheibrodos_spider_deadly_dance, portal_ice_cave_entry_ice_statue_two,
          nicolae_looking_at_the_future
Spider:3: layout_spider_delve, gammafunk_ghost_arena
Spider:4: grunt_spider_rune_circles, uniq_mara, uniq_asterion
Orc:1:    layout_caves
Orc:2:    st_orc_ogre_mass, layout_caves
Elf:1:    nicolae_elf_arrival_dilemma, layout_onion_city, serial_shops, shop,
          billiards_dpeg
Elf:2:    elven_hall_of_blades_hangedman_original
          [nicolae_blade_entry_splitting_headache], layout_geoelf_octagon,
          basic_altar, serial_shops, nicolae_shop_waterfront, laboratory,
          lemuel_elevator, uniq_zenata
Elf:3:    elf_hall_gauntlet_narrow, layout_geoelf_castle, serial_shops,
          nicolae_square_shop
Vaults:1: st_cells, v_misc_32, nicolae_vaults_network_periphery, v_misc_5,
          v_misc_8, vaults_mumra_hex, ontoclasm_vaults_misaligned,
          dpeg_vaults_monster_box, v_alt_pattern_4, layout_vaults_omnigrid,
          serial_shops, nicolae_shop_crystal
Vaults:2: v_misc_4, ontoclasm_vaults_chip, nicolae_vaults_theta, v_rooms_4,
          ontoclasm_vaults_bender, ontoclasm_vaults_chip, v_misc_10,
          ontoclasm_vaults_gateway, nicolae_vaults_rhombus_6,
          layout_vaults_omnicross, serial_shops, shop
Vaults:3: vaults_dpeg_doors, v_alt_pattern_6, v_misc_30, v_misc_30, v_misc_22,
          v_rooms_2, minmay_crypt_entry_simple_box, st_lines,
          hangedman_vaults_slither, v_misc_1, vaults_room_fancy_cross,
          v_misc_17, nicolae_vaults_little_squares_4, vaults_dpeg_encased_lava,
          layout_vaults_omnibox
Vaults:4: v_misc_11, v_misc_18, vaults_standard_mumra_lines,
          nicolae_vaults_know_your_exits, nicolae_vaults_little_ls,
          vaults_dpeg_diagonal, v_misc_29, nicolae_vaults_little_squares_4,
          layout_vaults_chaotic_city
Vaults:5: serial_shops
Crypt:1:  layout_gridlike, grunt_crypt_arrival_split,
          roderic_lattice_octagonal_star
Crypt:2:  layout_rooms, hangedman_summoners_spam, uniq_grunn
Crypt:3:  evilmike_haunted_forest
Depths:1: layout_gridlike, enter_ziggurat_b, pf_hell_entry_great_geh,
          chequers_serial_rivers_small_3, st_stairs_8,
          hangedman_research_metamorphosis, infiniplex_staircase_pool_lava
Depths:2: minmay_glassy_protrusions, layout_cave_pools, hangedman_coc_ice_floe,
          rand_demon_pan_entry_1, nicolae_hepliaklqana_hazy_memory
Depths:3: kennysheep_scales, layout_gridlike, lemuel_tele_altar, abyss_entry,
          grunt_hell_entry_dis_mu, serial_shops, nicolae_shop_advertising_works
          [nicolae_subvault_shop_adworks], nicolae_keep_em_comin, uniq_sojobo
Depths:4: evilmike_zot_entry_argh, layout_cave_pools, doesnt_xom_only_xom,
          grunt_mini_vestibule
Zot:1:    lemuel_halls_of_wrath, layout_misc_corridors,
          gammafunk_ghost_wrathful_warriors, grunt_ministairs_11
Zot:2:    gammafunk_its_a_trap, layout_basic, zot_minivault_2, uniq_josephina
Zot:3:    layout_misc_corridors, nrook_zot_tub
Zot:4:    kennysheep_blocky_room, layout_cathedral_of_symmetry,
          grunt_megastairs_2
Zot:5:    layout_basic, gammafunk_ghost_necromancy

Skill      XL: |  1  2  3  4  5  6  7  8  9 10 11 12 13 14 15 16 17 18 19 20 21 22 23 24 25 26 |
---------------+-------------------------------------------------------------------------------+-----
Stealth        | 1 2 6 7 |  7.0
Poison Magic   | 1 |  1.0
Fighting       | 2 3 4 5 6 8 9 10 11 12 14 15 16 17 19 20 | 20.6
Dodging        | 3 4 5 6 8 9 10 12 13 14 17 | 17.5
Unarmed Combat | 4 5 6 7 8 9 10 11 12 14 15 16 17 19 21 24 | 24.2
Ice Magic      | 3 5 6 |  6.0
Transmutations | 3 5 6 7 9 11 13 15 16 17 18 20 | 20.0
Invocations    | 5 8 10 12 13 14 15 | 15.0
Conjurations   | 3 |  3.0
Evocations     | 8 10 | 10.0
Spellcasting   | 3 8 |  8.0
Earth Magic    | 8 10 | 10.0
Shields        | 9 10 | 10.0

Action                   |  1- 3 |  4- 6 |  7- 9 | 10-12 | 13-15 | 16-18 | 19-21 | 22-24 | 25-27 || total
-------------------------+-------+-------+-------+-------+-------+-------+-------+-------+-------++-------
Melee: Unarmed           |    39 |   178 |   189 |   448 |   698 |   631 |   640 |   636 |   316 ||  3775
       Constrict         |    10 |    36 |     3 |       |       |       |       |    51 |    66 ||   166
       Kick              |    11 |    40 |     2 |       |       |       |       |       |       ||    53
       Tentacles         |     7 |    28 |     8 |       |       |       |       |    86 |   104 ||   233
       Punch             |     1 |     4 |       |       |     7 |    59 |    56 |    96 |    74 ||   297
       Tailslap          |       |       |       |       |    30 |   100 |   105 |    54 |       ||   289
       Bite              |       |       |       |       |    27 |    57 |    66 |    48 |       ||   198
 Cast: Beastly Appendage |    12 |    46 |     4 |       |       |       |       |       |       ||    62
       Spider Form       |       |     7 |    13 |       |       |       |       |       |       ||    20
       Wereblood         |       |     1 |     4 |    11 |     7 |     1 |     2 |     6 |     4 ||    36
       Ice Form          |       |       |     8 |    69 |    96 |       |       |       |       ||   173
       Dragon Form       |       |       |       |       |    31 |   185 |   166 |    81 |       ||   463
       Irradiate         |       |       |       |       |       |     4 |     3 |       |       ||     7
       Statue Form       |       |       |       |       |       |       |       |    85 |    81 ||   166
Invok: Slouch            |       |       |       |     1 |    12 |     7 |    10 |    18 |     2 ||    50
       Step From Time    |       |       |       |       |     1 |     4 |     2 |     6 |     7 ||    20
 Abil: Breathe Fire      |       |       |       |       |       |     2 |       |       |       ||     2
       End Transformatio |       |       |       |       |       |     1 |       |       |       ||     1
Evoke: Wand              |       |     3 |     1 |     2 |    12 |     5 |     7 |     2 |     4 ||    36
       Box of beasts     |       |       |       |       |       |       |     2 |     1 |       ||     3
       Condenser vane    |       |       |       |       |       |       |     1 |     4 |     1 ||     6
       Phantom mirror    |       |       |       |       |       |       |     1 |     1 |       ||     2
       Phial of floods   |       |       |       |       |       |       |     1 |       |       ||     1
  Use: Potion            |     1 |       |     1 |     2 |     2 |     6 |    10 |    22 |    26 ||    70
       Scroll            |       |       |     7 |    10 |    14 |     4 |     4 |    13 |    16 ||    68
 Stab: Sleeping          |     4 |     9 |     1 |     3 |     6 |     6 |     5 |     4 |     1 ||    39
       Paralysed         |       |       |       |       |       |     5 |     6 |     1 |       ||    12
       Distracted        |       |       |       |       |       |     1 |     4 |     2 |     2 ||     9
       Invisible         |       |       |       |       |       |       |     2 |       |       ||     2
Armor: Skin              |     1 |    28 |    38 |   115 |   225 |   249 |   205 |   235 |    83 ||  1179
Dodge: Dodged            |    16 |   112 |   152 |   318 |   681 |   590 |   643 |   680 |   308 ||  3500
Block: Other             |       |       |       |       |       |   140 |   147 |   150 |    21 ||   458
       Reflection        |       |       |       |       |       |     7 |    19 |     6 |    32 ||    64
       Kite shield       |       |       |       |       |       |       |       |       |   323 ||   323

Table legend: (Time is in decaauts)
 A = Elapsed time spent in this place.
 B = Non-inter-level travel time spent in this place.
 C = Inter-level travel time spent in this place.
 D = Time resting spent in this place.
 E = Time spent auto-exploring this place.
 F = Levels seen in this place.
 G = Mean time per level.
                   A        B        C        D        E       F      G
               +--------+--------+--------+--------+--------+-----+--------+
         Total | 117789 | 103451 |  14338 |  13519 |  72250 |  52 | 2265.2 |
       Dungeon |  31556 |  25360 |   6196 |   1197 |  19402 |  15 | 2103.7 |
        Temple |     34 |     30 |      4 |      0 |     25 |   1 |   34.0 |
          Lair |  12713 |  11270 |   1443 |    465 |   9292 |   6 | 2118.8 |
         Swamp |   6841 |   6395 |    446 |    429 |   5054 |   4 | 1710.2 |
   Spider Nest |  11336 |   9635 |   1701 |   2286 |   5827 |   4 | 2834.0 |
  Orcish Mines |   4432 |   3824 |    608 |   1585 |   1633 |   2 | 2216.0 |
   Elven Halls |   9181 |   8437 |    744 |   1194 |   5774 |   3 | 3060.3 |
        Vaults |  19837 |  17964 |   1873 |   3906 |  11944 |   5 | 3967.4 |
         Crypt |   7190 |   7055 |    135 |    653 |   5323 |   3 | 2396.7 |
        Depths |   9977 |   8924 |   1053 |   1069 |   6277 |   4 | 2494.2 |
           Zot |   4688 |   4561 |    127 |    733 |   1696 |   5 |  937.6 |
               +--------+--------+--------+--------+--------+-----+--------+

Top non-repeatable levels by time:
Vaults:4: 5541 daAuts
    D:12: 4463 daAuts
Vaults:5: 3963 daAuts
Vaults:1: 3870 daAuts
Spider:1: 3577 daAuts
Vaults:3: 3544 daAuts
Spider:3: 3538 daAuts
   Elf:3: 3514 daAuts
    D:14: 3492 daAuts
 Crypt:3: 3434 daAuts
   Zot:5: 3407 daAuts
   Elf:1: 3319 daAuts
    D:10: 3269 daAuts
  Lair:2: 3154 daAuts
Depths:3: 3032 daAuts
